 Dungeon Crawl Stone Soup version 0.29-a0-492-g10b964d8d7 (webtiles) character file.

Game seed: 12793810258433031566

9416 Colgate the Covert (level 11, -16/72 HPs)
             Began as a Kobold Brigand on May 27, 2022.
             Was a Follower of Uskayaw.
             Killed from afar by a gargoyle (30 damage)
             ... with a stone arrow
             ... on level 11 of the Dungeon.
             The game lasted 01:06:22 (13655 turns).

Colgate the Covert (Kobold Brigand)                Turns: 13655, Time: 01:06:22

Health: -16/72     AC:  5    Str:  9    XL:     11   Next: 74%
Magic:  1/15       EV: 19    Int: 12    God:    Uskayaw [*.....]
Gold:   545        SH:  0    Dex: 21    Spells: 10/10 levels left

rFire   . . .      SeeInvis .   b - +1 short sword (speed)
rCold   + . .      Faith    +   (no shield)
rNeg    + . .      Spirit   .   H - +2 robe {rC+}
rPois   +          Reflect  .   h - +0 helmet
rElec   .          Harm     .   O - scarf {shadows}
rCorr   .          Rampage  .   (no gloves)
Will    .....                   (no boots)
Stlth   +++++++...              o - amulet of faith
HPRegen 0.22/turn               t - ring of poison resistance
MPRegen 0.14/turn               F - ring of positive energy

@: no status effects
A: small, no large weapons, nightstalker 3
a: Renounce Religion, Stomp


You were on level 11 of the Dungeon.
You worshipped Uskayaw.
Uskayaw was noncommittal.
You visited 2 branches of the dungeon, and saw 12 of its levels.

You collected 727 gold pieces.
You spent 182 gold pieces at shops.

Inventory:

Hand Weapons
 a - a +1 dagger of draining
 b - a +1 short sword of speed (weapon)
 w - a +2 dagger
 y - a +2 dagger of venom
 P - a +2 short sword of holy wrath
Missiles
 d - 55 poisoned darts (quivered)
 e - 8 curare-tipped darts
 z - a throwing net {!f}
 D - 12 boomerangs
Armour
 c - a +0 cloak
 h - a +0 helmet (worn)
 m - a +0 ring mail of fire resistance
 p - an orb of light
 H - a +2 robe of cold resistance (worn)
 O - a scarf of shadows (worn)
 Q - +0 steam dragon scales
Jewellery
 o - an amulet of faith (around neck)
 t - a ring of poison resistance (left hand)
 F - a ring of positive energy (right hand)
 I - an amulet of magic regeneration
Wands
 K - a wand of flame (37)
 L - a wand of digging (12) {@v3}
Scrolls
 j - 5 scrolls of teleportation {@r3}
 k - 3 scrolls of poison
 n - a scroll of enchant armour {unknown}
 q - a scroll of blinking {@r4}
 r - 3 scrolls of fog
 s - a scroll of immolation
 v - a scroll of summoning
 x - a scroll of acquirement {unknown}
 A - a scroll of torment
 B - a scroll of noise {unknown}
 R - a scroll of amnesia {unknown}
 S - a scroll of brand weapon {unknown}
Potions
 f - a potion of magic
 g - 8 potions of curing {@q1}
 i - 2 potions of ambrosia
 l - 2 potions of mutation
 u - a potion of haste {@q4}
 C - 3 potions of might {@q3}
 E - a potion of cancellation
 G - 2 potions of lignification
 J - a potion of attraction {unknown}
 M - a potion of resistance {@q5}
 N - a potion of heal wounds {@q2}


   Skills:
 - Level 10.1 Fighting
 - Level 12.0 Short Blades
 - Level 2.1 Throwing
 - Level 6.1 Dodging
 + Level 14.4 Stealth
 - Level 6.0 Invocations


You had 10 spell levels left.
You didn't know any spells.
Your spell library contained the following spells:

 Spells                   Type           Power      Damage    Failure   Level
 Ensorcelled Hibernation  Hex/Ice        0%         N/A       45%         2
 Ozocubu's Armour         Ice            0%         N/A       69%         3
 Portal Projectile        Hex/Tloc       0%         N/A       69%         3
 Spider Form              Tmut/Pois      0%         N/A       69%         3
 Tukima's Dance           Hex            0%         N/A       69%         3
 Anguish                  Hex/Necr       0%         N/A       97%         4
 Blade Hands              Tmut           0%         N/A       100%        5
 Simulacrum               Ice/Necr       0%         N/A       100%        6


Dungeon Overview and Level Annotations

Branches:
Dungeon (11/15)            Temple (1/1) D:5            Lair (0/6) D:9
    Orc (0/2) D:9

Altars:
Ashenzari
Cheibriados
Dithmenos
Elyvilon
Fedhas
Gozag
Hepliaklqana
Kikubaaqudgha
Makhleb
Nemelex Xobeh
Okawaru
Qazlal
Ru
Sif Muna
Trog
Uskayaw
Vehumet
Wu Jian
Xom
Yredelemnul
Zin
The Shining One
Beogh

Shops:
D:11 [


Innate Abilities, Weirdness & Mutations

You are small and have problems with some larger weapons.
You are completely attuned to the shadows.


Message History

You barely miss the gargoyle. You barely miss the gargoyle.
You hit the gargoyle but do no damage.
The gargoyle hits you with a +0 antimagic mace!
You feel your power leaking away.
You hit the gargoyle. You barely miss the gargoyle.
You hit the gargoyle but do no damage. Your punch misses the gargoyle.
The gargoyle misses you.
You hit the gargoyle. You hit the gargoyle but do no damage.
The gargoyle hurls a stone arrow at you.
The stone arrow hits you!
You hit the gargoyle but do no damage. You barely miss the gargoyle.
You hit the gargoyle but do no damage. The gargoyle barely misses you.
You hit the gargoyle but do no damage. You hit the gargoyle but do no damage.
You hit the gargoyle but do no damage. The gargoyle completely misses you.
You hit the gargoyle but do no damage. You hit the gargoyle but do no damage.
You hit the gargoyle but do no damage.
The gargoyle hurls a stone arrow at you.
The stone arrow misses you.
You hit the gargoyle but do no damage. You hit the gargoyle but do no damage.
You hit the gargoyle but do no damage. The gargoyle closely misses you.
You hit the gargoyle but do no damage. You barely miss the gargoyle.
You hit the gargoyle but do no damage.
The gargoyle hits you with a +0 antimagic mace!!
* * * LOW HITPOINT WARNING * * *
You feel your power leaking away.
You hear a shout!
You hit the gargoyle. You hit the gargoyle but do no damage.
You hit the gargoyle but do no damage.
The gargoyle hurls a stone arrow at you.
The stone arrow hits you!!
You die...

##########
......>...
....)..### ......
....#..)..
##....#######.#.).##
..............#....<
#.@..# ###...#..###
#9...# #.).#..###
##.#.#####...#.....
............)##.###
....<######.###.#
.....# #..##.#
.....# #..##.#
##.#.# #...#.###
#'#.######.#.....#


You could see a gargoyle.

Vanquished Creatures
  A boulder beetle (D:11)
  2 two-headed ogres
  Pikel (D:4)
  A kobold demonologist (D:10)
  A komodo dragon (D:11)
  A hornet (D:7)
  Grinder (D:4)
  3 wraiths
  2 shadows
  2 wyverns
  A steam dragon (D:10)
  2 acid dragons
  2 water moccasins
  8 orc warriors
  A black bear (D:4)
  A sky beast (D:6)
  3 ogres
  4 phantoms
  2 centaurs
  A lemure (D:4)
  5 bullfrogs
  2 gnoll sergeants
  2 kobold brigands
  4 scorpions
  4 necrophages
  A wight (D:10)
  A troll zombie (D:9)
  7 killer bees (D:9)
  7 howler monkeys
  A jelly (D:4)
  8 orc priests
  3 hounds
  A gnoll shaman (D:7)
  3 iguanas
  15 orc wizards
  5 ogre zombies (D:9)
  17 gnolls
  4 adders
  2 shadow imps (D:5)
  3 white imps
  An ufetubus (D:6)
  A worm (D:5)
  4 dart slugs
  54 orcs
  6 ball pythons
  8 endoplasms
  5 giant cockroaches
  9 goblins
  5 hobgoblins
  3 jackals (D:4)
  6 quokkas
  2 bats (D:2)
  3 frilled lizards
  A goblin zombie (D:9)
  2 hobgoblin skeletons (D:9)
  3 hobgoblin zombies (D:9)
  26 kobolds
  2 orc skeletons (D:9)
  11 orc zombies (D:9)
  6 rats
  A spectral goblin (D:2)
294 creatures vanquished.

Notes
Turn   | Place    | Note
-------+----------+-------------------------------------------
     0 | D:1      | Colgate the Kobold Brigand began the quest for the Orb.
     0 | D:1      | Reached XP level 1. HP: 12/12 MP: 1/1
   159 | D:1      | Reached XP level 2. HP: 17/17 MP: 2/2
   635 | D:1      | Reached XP level 3. HP: 15/22 MP: 3/3
   969 | D:2      | Found a faded altar of an unknown god.
   979 | D:2      | Reached XP level 4. HP: 21/28 MP: 4/4
   991 | D:2      | Prayed at the altar of an unknown god.
   991 | D:2      | Became a worshipper of Elyvilon the Healer
   991 | D:2      | Reached * piety under Elyvilon
  1154 | D:2      | Reached skill level 6 in Stealth
  1164 | D:2      | Got Folunes's Reference Book on the Frostbite
  1958 | D:3      | Reached ** piety under Elyvilon
  2001 | D:3      | Reached XP level 5. HP: 32/32 MP: 5/5
  2199 | D:3      | Reached skill level 7 in Stealth
  2684 | D:4      | Found a hide-covered altar of Uskayaw.
  2795 | D:4      | Fell from the grace of Elyvilon
  2795 | D:4      | Became a worshipper of Uskayaw the Reveller
  2816 | D:4      | Noticed Grinder
  2821 | D:4      | Killed Grinder
  2821 | D:4      | Reached * piety under Uskayaw
  2822 | D:4      | Reached skill level 5 in Dodging
  2822 | D:4      | Reached XP level 6. HP: 37/37 MP: 6/6
  3197 | D:4      | Reached skill level 5 in Short Blades
  3197 | D:4      | Reached XP level 7. HP: 41/41 MP: 7/7
  3293 | D:4      | Noticed Pikel
  3300 | D:4      | Reached ** piety under Uskayaw
  3320 | D:4      | Reached *** piety under Uskayaw
  3321 | D:4      | Killed Pikel
  3322 | D:4      | Reached XP level 8. HP: 21/46 MP: 8/8
  3922 | D:4      | Found a bloodstained altar of Trog.
  3958 | D:5      | Entered Level 5 of the Dungeon
  4007 | D:5      | Reached skill level 10 in Short Blades
  4030 | D:5      | Reached skill level 1 in Invocations
  4385 | D:5      | Reached XP level 9. HP: 33/51 MP: 5/12
  4973 | D:5      | Reached skill level 5 in Fighting
  5011 | D:5      | Found a staircase to the Ecumenical Temple.
  5202 | Temple   | Entered the Ecumenical Temple
  5592 | D:6      | Reached **** piety under Uskayaw
  7136 | D:7      | Found a white marble altar of Elyvilon.
  7153 | D:7      | Reached skill level 8 in Stealth
  7317 | D:7      | Noticed a hornet
  7341 | D:7      | Killed a hornet
  7342 | D:7      | Reached skill level 9 in Stealth
  7342 | D:7      | Reached XP level 10. HP: 44/60 MP: 8/13
  7544 | D:7      | Reached skill level 10 in Stealth
  8005 | D:7      | Found a glowing silver altar of Zin.
  8222 | D:8      | Reached skill level 11 in Stealth
  8296 | D:8      | Reached skill level 12 in Stealth
  8305 | D:8      | Reached ***** piety under Uskayaw
  9231 | D:8      | Reached skill level 13 in Stealth
  9459 | D:9      | Noticed a two-headed ogre
  9462 | D:9      | Killed a two-headed ogre
  9463 | D:9      | Reached skill level 14 in Stealth
  9609 | D:9      | Reached skill level 5 in Invocations
  9633 | D:9      | Reached XP level 11. HP: 38/64 MP: 9/15
 10017 | D:9      | Found a staircase to the Lair.
 10482 | D:9      | Found a staircase to the Orcish Mines.
 11215 | D:10     | Entered Level 10 of the Dungeon
 12902 | D:11     | Found Suozunlu's Antique Armour Emporium.
 12906 | D:11     | Bought a glowing ring mail for 182 gold pieces
 13220 | D:11     | Noticed a boulder beetle
 13221 | D:11     | Noticed a two-headed ogre
 13225 | D:11     | Killed a two-headed ogre
 13231 | D:11     | HP: 1/71 [boulder beetle (26)]
 13239 | D:11     | Killed a boulder beetle
 13240 | D:11     | Reached skill level 10 in Fighting
 13655 | D:11     | Killed from afar by a gargoyle

Illustrated notes

Levels and vault maps discovered:
D:1:      lemuel_arrival_rhombus, layout_basic, hangedman_decor_growths
D:2:      layout_rooms, dreamdust_ecumenical_altar_drowned_temple
D:3:      layout_basic, chequers_serial_rivers_micro_d
D:4:      layout_cave_pods, lightli_temple_of_fire, lemuel_doored_altar,
          uniq_pikel, uniq_grinder
D:5:      layout_basic, minmay_temple_entry_proselytizer, chequers_jeans
D:6:      layout_basic
D:7:      layout_loops_ring, zin_scriptorium, elyvilon_altar_5
D:8:      layout_cave_pools, special_room [special_room_orc],
          minmay_diced_spiral
D:9:      layout_basic, lair_entry_dummy, zombieorc1_lemuel,
          wad_floor_pattern_untrapped, fountainhead
D:10:     layout_roguey, kennysheep_generic_room_4
D:11:     layout_basic, serial_shops, shop_fountains
Temple:   hc_temple_tempest_star

Skill      XL: |  1  2  3  4  5  6  7  8  9 10 11 |
---------------+----------------------------------+-----
Short Blades   | 3 4 5 9 10 12 | 12.0
Fighting       | 3 6 10 | 10.1
Stealth        | 6 7 9 14 | 14.4
Dodging        | 5 6 |  6.1
Invocations    | 4 5 6 |  6.0
Throwing       | |  2.1

Action                   |  1- 3 |  4- 6 |  7- 9 | 10-12 || total
-------------------------+-------+-------+-------+-------++-------
Melee: Dagger            |    42 |    79 |   175 |   112 ||   408
       Punch             |       |       |     5 |     9 ||    14
       Short sword       |       |       |   134 |   539 ||   673
Throw: Dart              |       |       |    12 |     7 ||    19
       Throwing net      |       |       |       |     1 ||     1
Invok: Line Pass         |       |       |     8 |    10 ||    18
       Stomp             |       |       |     3 |    19 ||    22
Evoke: Wand              |       |       |       |     1 ||     1
  Use: Scroll            |       |     5 |     3 |     9 ||    17
       Potion            |       |       |     1 |       ||     1
 Stab: Sleeping          |    15 |    21 |    27 |    20 ||    83
       Paralysed         |       |       |     4 |    13 ||    17
       Confused          |       |       |     6 |     4 ||    10
       Distracted        |       |       |       |    10 ||    10
       Held in net/web   |       |       |       |     1 ||     1
Armor: Robe              |     8 |     9 |       |     2 ||    19
       Leather armour    |       |       |    29 |    50 ||    79
Dodge: Dodged            |    20 |    27 |   104 |   291 ||   442

Table legend: (Time is in decaauts)
 A = Elapsed time spent in this place.
 B = Non-inter-level travel time spent in this place.
 C = Inter-level travel time spent in this place.
 D = Time resting spent in this place.
 E = Time spent auto-exploring this place.
 F = Levels seen in this place.
 G = Mean time per level.
                   A        B        C        D        E       F      G
               +--------+--------+--------+--------+--------+-----+--------+
         Total |  12983 |  12502 |    481 |    350 |  10185 |  12 | 1081.9 |
       Dungeon |  12704 |  12241 |    463 |    350 |   9940 |  11 | 1154.9 |
        Temple |    278 |    261 |     17 |      0 |    245 |   1 |  278.0 |
               +--------+--------+--------+--------+--------+-----+--------+

Top non-repeatable levels by time:
    D:10: 1767 daAuts
     D:9: 1656 daAuts
     D:4: 1264 daAuts
     D:6: 1225 daAuts
     D:7: 1213 daAuts
     D:5: 1188 daAuts
     D:8: 1181 daAuts
     D:3: 1127 daAuts
     D:1: 932 daAuts
     D:2: 586 daAuts
    D:11: 561 daAuts
  Temple: 278 daAuts
